 Dungeon Crawl Stone Soup version 0.29.1-15-g9cfb28693d (webtiles) character file.

Game seed: 4056690462165880460

19 BabyfaceFinlayson the Insei (level 2, -3/21 HPs)
             Began as a Merfolk Transmuter on Feb 22, 2023.
             Frozen to death by an endoplasm (5 damage)
             ... on level 2 of the Dungeon.
             The game lasted 00:03:08 (1021 turns).

BabyfaceFinlayson the Insei (Merfolk Transmuter)    Turns: 1021, Time: 00:03:09

Health: -3/21      AC:  3    Str: 10    XL:     2   Next: 75%
Magic:  5/5        EV: 12    Int: 12    God:
Gold:   28         SH:  0    Dex: 14    Spells: 4/5 levels left

rFire   . . .      SeeInvis .     - Unarmed
rCold   . . .      Faith    .   (no shield)
rNeg    . . .      Spirit   .   a - +1 robe
rPois   .          Reflect  .   (no helmet)
rElec   .          Harm     .   (no cloak)
rCorr   .          Rampage  .   (no gloves)
Will    .....                   (no boots)
Stlth   +.........              (no amulet)
HPRegen 0.07/turn               (no ring)
MPRegen 0.09/turn               (no ring)

@: no status effects
A: (nimble swimmer 2), mertail
a: no special abilities


You were on level 2 of the Dungeon.
You visited 1 branch of the dungeon, and saw 2 of its levels.

You collected 28 gold pieces.

Inventory:

Armour
 a - a +1 robe (worn)
Potions
 b - a potion of lignification


   Skills:
 + Level 1.1 Fighting
 + Level 2.7 Dodging
 + Level 4.0 Unarmed Combat
 + Level 2.2 Spellcasting
 + Level 3.0 Transmutations


You had 4 spell levels left.
You knew the following spells:

 Your Spells              Type           Power      Damage    Failure   Level
a - Beastly Appendage     Tmut           16%        N/A       8%          1

Your spell library contained the following spells:

 Spells                   Type           Power      Damage    Failure   Level
 Wereblood                Tmut           8%         N/A       12%         2
 Spider Form              Tmut/Pois      5%         N/A       38%         3
 Ice Form                 Ice/Tmut       5%         N/A       80%         4


Dungeon Overview and Level Annotations

Branches:
Dungeon (2/15)

Altars:


Innate Abilities, Weirdness & Mutations

((You are very nimble when in or above water. (Stealth+, EV+, Speed+++)))
Your lower body shifts to a powerful aquatic tail in water.


Message History

You closely miss the endoplasm.
The endoplasm is severely wounded.
The endoplasm hits you but does no damage.
The worm bites you. The endoplasm hits you.
You bump into the rock wall.
The endoplasm closely misses you. The worm closely misses you.
You're too confused to move!
The endoplasm freezes you.
You are frozen.
You bump into the rock wall.
You feel less invigorated.
You feel less confused. The worm bites you. The endoplasm barely misses you.
You hit the worm.
The worm is severely wounded.
You hit the worm.
The worm is severely wounded.
The endoplasm barely misses you. The worm bites you.
You barely miss the worm.
The worm is severely wounded.
The endoplasm freezes you.
You are frozen.
You barely miss the worm.
The worm is severely wounded.
The endoplasm barely misses you. The worm bites you.
You hit the worm.
The worm is severely wounded.
The endoplasm freezes you.
You are frozen.
* * * LOW HITPOINT WARNING * * *
The worm completely misses you.
You barely miss the worm.
The worm is severely wounded.
The endoplasm freezes you.
You are frozen.
* * * LOW HITPOINT WARNING * * *
You hit the worm but do no damage.
The worm is severely wounded.
The endoplasm freezes you.
You are frozen.
You die...

# #. ###. ###
...##.. #.
#....
#...#..###
..#
#...gw@####
#.####
###.)#J...#
#.#..
#..####.#
#.#.# ...##
#.###...#
###. #..##..#
#. ##.##..#
#. ###...<.#
#. #.....#.##
#.###....####


You could see a worm, an endoplasm and a goblin.

Vanquished Creatures
  An endoplasm (D:1)
  A giant cockroach (D:1)
  2 goblins
  A hobgoblin (D:2)
  4 jackals (D:1)
  2 quokkas (D:1)
  A ball python (D:1)
  A bat (D:1)
  A frilled lizard (D:1)
  A kobold (D:1)
  2 rats (D:1)
17 creatures vanquished.

Vanquished Creatures (others)
  A fungus (D:2)
1 creature vanquished.

Grand Total: 18 creatures vanquished

Notes
Turn   | Place    | Note
-------+----------+-------------------------------------------
     0 | D:1      | BabyfaceFinlayson the Merfolk Transmuter began the quest
                  | for the Orb.
     0 | D:1      | Reached XP level 1. HP: 15/15 MP: 3/3
   600 | D:1      | Reached XP level 2. HP: 21/21 MP: 3/5
   991 | D:2      | Reached skill level 4 in Unarmed Combat
  1021 | D:2      | Frozen to death by an endoplasm

Illustrated notes

Levels and vault maps discovered:
D:1:      wander_arrival_abandoned_jail, layout_basic
D:2:      layout_rooms, shapermc_ecumenical_altar_ellora, serial_shops, shop,
          basic_altar, roderic_lattice_a, uniq_robin

Skill      XL: |  1  2 |
---------------+-------+-----
Transmutations | 3 |  3.0
Unarmed Combat | 4 |  4.0
Fighting       | |  1.1
Dodging        | |  2.7
Spellcasting   | |  2.2

Action                   || total
-------------------------++-------
Melee: Unarmed           ||    70
       Headbutt          ||     4
       Punch             ||     2
 Cast: Beastly Appendage ||    10
  Use: Potion            ||     3
       Scroll            ||     2
Armor: Robe              ||    12
Dodge: Dodged            ||    55
